Map: Abiogenesis LE

Players

Infamous - Winner!

  • Race: Protoss Protoss
  • League: Silver
  • Spawn Location: 11:00

MrChase

  • Race: Protoss Protoss
  • League: Silver
  • Spawn Location: 5:00

VOD

Have the link to the VOD?

Description

Time

  • Played on: March 20, 2018, 10:46 a.m.
  • Length: 14:52
Show
View Real Time Build Order
Export as new Build Order

Infamous Protoss - Winner!

Build Orders:  

Get SALT Encoding   

  12  0:01  Probe  
  13  0:13  Probe  
  14  0:19  Pylon  
  14  0:32  Probe (Chrono Boost)  
  15  0:40  Gateway  
  15  0:42  Probe (Chrono Boost)  
  16  0:55  Probe (Chrono Boost)  
  17  1:01  Assimilator  
  17  1:08  Probe (Chrono Boost)  
  18  1:15  Pylon  
  18  1:27  Cybernetics Core  
  18  1:28  Probe  
  19  1:39  Zealot  
  21  1:40  Probe  
  21  1:44  Assimilator  
  22  1:55  Probe  
  22  1:59  Warp Gate (Chrono Boost)  
  23  2:02  Pylon  
  23  2:18  Probe  
  23  2:20  Sentry  
  26  2:36  Probe, Robotics Facility  
  27  2:46  Pylon  
  27  2:56  Gateway  
  27  2:57  Pylon  
  27  3:07  Probe  
  28  3:14  Pylon  
  28  3:18  Pylon  
  28  3:19  Probe  
  29  3:23  Observer  
  30  3:40  Probe, Robotics Bay  
  31  3:49  Nexus  
  31  3:55  Probe  
  32  4:05  Immortal (Chrono Boost)  
  36  4:18  Gateway  
  36  4:26  Gateway  
  35  4:32  Extended Thermal Lance  
  35  4:44  Disruptor (Chrono Boost)  
  35  4:48  Probe  
  39  4:55  Gateway  
  39  5:03  Probe x2  
  41  5:16  Twilight Council  
  41  5:31  Probe x2  
  43  5:50  Probe  
  43  5:52  Probe  
  43  5:55  Sentry  
  43  5:56  Stalker x2  
  43  5:57  Stalker  
  53  6:09  Pylon  
  53  6:10  Probe  
  53  6:11  Probe  
  55  6:14  Assimilator  
  55  6:18  Assimilator  
  55  6:23  Probe x2  
  57  6:27  Sentry x2  
  57  6:29  Stalker  
  57  6:31  Zealot x2  
  67  6:50  Probe x2  
  67  6:53  Charge  
  69  7:07  Pylon  
  69  7:14  Forge  
  69  7:17  Forge  
  54  7:30  Sentry  
  54  7:36  Stalker x3  
  54  7:37  Stalker  
  64  7:40  Disruptor (Chrono Boost)  
  67  7:55  Stalker  
  61  8:08  Gateway  
  61  8:13  Disruptor (Chrono Boost)  
  61  8:14  Protoss Ground Weapons Level 1 (Chrono Boost)  
  64  8:20  Templar Archives  
  64  8:32  Sentry  
  64  8:33  Zealot x3  
  72  8:46  Pylon  
  72  8:48  Pylon, Psionic Storm  
  72  9:00  Gateway x2  
  72  9:01  Gateway  
  72  9:02  Gateway  
  72  9:05  Gateway, High Templar  
  74  9:12  Sentry  
  76  9:19  Zealot x2  
  80  9:37  Photon Cannon, Shield Battery  
  80  9:44  Photon Cannon  
  80  9:48  High Templar x2  
  80  9:49  High Templar  
  86  9:57  Probe x2  
  88  10:13  Shield Battery  
  88  10:17  Shield Battery  
  88  10:20  Archon x2  
  88  10:23  Stalker x3  
  88  10:24  Stalker x4  
  102  10:41  Probe x2  
  104  10:53  Probe x2  
  95  11:07  Stalker x3  
  95  11:08  Stalker x2  
  94  11:30  Disruptor  
  95  11:56  Sentry  
  95  11:57  Sentry x2  
  95  11:58  Zealot x4  
  109  12:57  Probe  
  110  13:19  Pylon  
  110  13:22  Pylon  
  110  13:25  Pylon  
  110  13:37  Probe x2, Disruptor  
  110  13:41  Nexus  
  115  13:44  Pylon  
  115  13:46  Pylon  
  115  13:48  Pylon  
  115  13:49  Probe x2  
  115  13:50  Assimilator  
  115  13:55  Assimilator  
  99  14:12  Stalker x2, Disruptor  
  99  14:13  Stalker x5  
  99  14:14  Stalker x3  
  118  14:48  High Templar x5  
  118  14:49  High Templar x4  
Show
View Real Time Build Order
Export as new Build Order

MrChase Protoss 

Build Orders:  

Get SALT Encoding   

  12  0:11  Probe (Chrono Boost)  
  14  0:21  Pylon  
  14  0:22  Probe (Chrono Boost)  
  14  0:35  Probe  
  15  0:48  Probe  
  15  0:49  Gateway  
  16  0:54  Assimilator  
  16  1:00  Probe  
  16  1:04  Pylon  
  17  1:12  Forge  
  17  1:28  Probe (Chrono Boost)  
  18  1:36  Zealot  
  18  1:38  Probe (Chrono Boost)  
  21  1:43  Probe (Chrono Boost)  
  22  1:53  Photon Cannon  
  22  1:54  Probe  
  23  2:20  Photon Cannon  
  23  2:23  Photon Cannon  
  23  2:32  Assimilator  
  23  2:47  Photon Cannon  
  23  2:56  Cybernetics Core  
  23  2:57  Probe (Chrono Boost)  
  24  3:03  Gateway  
  24  3:07  Probe (Chrono Boost)  
  24  3:08  Gateway  
  24  3:10  Gateway  
  25  3:16  Pylon  
  25  3:31  Warp Gate (Chrono Boost)  
  25  3:44  Nexus  
  25  3:57  Pylon  
  25  4:04  Pylon  
  25  4:09  Pylon  
  25  4:22  Pylon  
  25  4:35  Pylon  
  25  4:40  Probe  
  26  4:52  Probe (Chrono Boost)  
  27  5:01  Probe (Chrono Boost)  
  29  5:07  Assimilator  
  29  5:10  Probe (Chrono Boost)  
  29  5:12  Probe (Chrono Boost), Assimilator  
  30  5:15  Protoss Ground Weapons Level 1 (Chrono Boost)  
  30  5:16  Probe (Chrono Boost)  
  30  5:17  Probe (Chrono Boost)  
  32  5:28  Probe x2  
  34  5:40  Probe  
  34  5:41  Stalker x2  
  39  5:43  Stalker x2  
  43  5:52  Probe (Chrono Boost)  
  43  5:56  Probe (Chrono Boost)  
  46  6:04  Probe (Chrono Boost)  
  46  6:06  Stalker  
  46  6:07  Probe (Chrono Boost)  
  46  6:08  Stalker  
  46  6:10  Probe (Chrono Boost)  
  52  6:11  Probe (Chrono Boost)  
  53  6:18  Probe  
  53  6:21  Probe  
  55  6:27  Protoss Air Weapons Level 1  
  55  6:30  Probe  
  55  6:31  Stalker  
  58  6:33  Probe, Stalker  
  58  6:39  Stalker  
  63  6:42  Probe  
  63  6:43  Stalker  
  66  6:54  Probe  
  67  7:02  Twilight Council  
  67  7:06  Probe  
  68  7:10  Stargate  
  52  8:05  Stalker x2  
  48  8:06  Stalker x2  
  48  8:12  Stargate  
  54  8:14  Stargate  
  54  8:15  Stargate  
  54  8:20  Stargate  
  54  8:22  Blink  
  54  8:24  Stargate  
  54  8:26  Stargate  
  54  8:27  Stargate  
  54  8:35  Stalker x2  
  54  8:36  Stalker  
  54  8:37  Stalker  
  54  8:40  Protoss Air Armor Level 1 (Chrono Boost)  
  62  8:57  Protoss Ground Weapons Level 2 (Chrono Boost)  
  62  9:09  Nexus  
  62  9:18  Nexus  
  62  9:28  Stalker x2, Nexus  
  62  9:29  Stalker  
  62  9:30  Stalker  
  70  10:00  Void Ray x2  
  70  10:01  Void Ray  
  70  10:02  Void Ray  
  70  10:05  Pylon  
  86  10:23  Probe (Chrono Boost)  
  87  10:33  Probe (Chrono Boost)  
  87  10:34  Probe (Chrono Boost)  
  89  10:39  Probe (Chrono Boost)  
  89  10:42  Probe (Chrono Boost)  
  93  10:52  Probe (Chrono Boost)  
  93  10:53  Probe (Chrono Boost)  
  93  10:55  Probe (Chrono Boost)  
  90  10:59  Probe (Chrono Boost)  
  90  11:01  Probe (Chrono Boost)  
  90  11:03  Probe (Chrono Boost)  
  81  11:04  Probe (Chrono Boost)  
  81  11:08  Probe  
  76  11:15  Probe  
  76  11:18  Stalker x2  
  66  11:19  Stalker  
  66  11:20  Stalker  
  72  11:27  Probe  
  59  11:51  Probe (Chrono Boost)  
  54  11:59  Zealot  
  54  12:00  Zealot x3  
  54  12:01  Probe (Chrono Boost)  
  62  12:06  Probe (Chrono Boost)  
  55  12:14  Probe (Chrono Boost)  
  52  12:20  Pylon  
  53  12:23  Probe (Chrono Boost)  
  53  12:24  Probe (Chrono Boost)  
  53  12:27  Photon Cannon  
  53  12:29  Probe (Chrono Boost)  
  55  12:30  Probe (Chrono Boost)  
  55  12:31  Gateway  
  55  12:32  Gateway  
  55  12:34  Gateway  
  56  12:37  Gateway  
  56  12:40  Probe, Gateway  
  56  12:42  Forge  
  57  12:47  Pylon  
  56  12:53  Probe  
  57  12:59  Pylon  
  55  13:18  Photon Cannon  
  49  13:21  Photon Cannon  
  49  13:25  Photon Cannon  
  47  13:28  Photon Cannon  
  47  13:30  Photon Cannon  
  42  13:41  Cybernetics Core  
  39  13:44  Stalker  
  39  13:45  Stalker  
  39  13:46  Stalker  
  39  13:47  Stalker  
  47  13:50  Stalker  
  38  14:15  Zealot x2  
  38  14:17  Zealot x2  
Tags
 
Matchup
PvP
Replay Pack
Last Remnant (2)
Spawn Locations
Cross Positions
Add a new tag
Caveats
  • Supply blocks, unpowered buildings, or Contaminate may cause inaccurate times.
  • Supply counts are checked every 10 seconds.